 Dungeon Crawl Stone Soup version 0.29.0-11-gd7f09526c8 (webtiles) character file.

Game seed: 2719443998815163425

1747 xian the Poker (level 9, -6/81 HPs)
             Began as a Naga Fighter on Sept 6, 2022.
             Killed from afar by an electric eel (9 damage)
             ... with a bolt of electricity
             ... on level 6 of the Dungeon.
             The game lasted 00:18:48 (6048 turns).

xian the Poker (Naga Fighter)                       Turns: 6048, Time: 00:18:49

Health: -6/81      AC: 10    Str: 23    XL:     9   Next: 6%
Magic:  0/9        EV:  9    Int:  9    God:
Gold:   259        SH:  6    Dex: 16    Spells: 8/8 levels left

rFire   . . .      SeeInvis +   a - +1 trident
rCold   . . .      Faith    .   c - +1 buckler
rNeg    . . .      Spirit   +   t - +0 ring mail of the Bashing Gods {Stlth+}
rPois   +          Reflect  .   (no helmet)
rElec   .          Harm     .   v - +0 cloak
rCorr   .          Rampage  .   n - +2 pair of gloves {hurl}
Will    +....                   (no barding)
Stlth   +++.......              i - amulet of guardian spirit
HPRegen 0.23/turn               p - ring of flight
MPRegen 0.11/turn               j - +6 ring of dexterity

@: flying, very slow
A: AC +3, large, see invisible, deformed body, poison resistance, slowness 2,
spit poison 1, naga tail 1
a: Spit Poison


You were on level 6 of the Dungeon.
You visited 1 branch of the dungeon, and saw 6 of its levels.
You also visited: Ossuary.

You collected 385 gold pieces.
You spent 126 gold pieces at shops.

Inventory:

Hand Weapons
 a - a +1 trident (weapon)
 A - a +3 quarterstaff of chaos
Missiles
 b - 3 boomerangs of dispersal
 q - 4 curare-tipped darts
 s - 3 throwing nets
 z - a javelin (quivered)
 C - 2 poisoned darts
Armour
 c - a +1 buckler (worn)
 n - a +2 pair of gloves of hurling (worn)
 t - the +0 ring mail of the Bashing Gods (worn) {Stlth+}
   (You found it on level 3 of the Dungeon)

   Stlth:     It makes you more stealthy.
 v - a +0 cloak (worn)
Jewellery
 d - an amulet of reflection
 f - a ring of protection from fire
 i - an amulet of guardian spirit (around neck)
 j - a +6 ring of dexterity (right hand)
 p - a ring of flight (left hand)
 E - a ring of positive energy
Wands
 u - a wand of mindburst (9)
 w - a wand of paralysis (4)
Scrolls
 e - a scroll of enchant weapon
 m - a scroll of enchant armour
 y - a scroll of summoning {unknown}
 B - a scroll of noise {unknown}
 D - 2 scrolls of teleportation
Potions
 g - 2 potions of curing
 h - 2 potions of mutation {unknown}
 k - a potion of berserk rage {unknown}
 l - a potion of lignification
 o - 2 potions of degeneration {unknown}
 r - a potion of attraction {unknown}
 x - a potion of flight {unknown}


   Skills:
 + Level 5.0 Fighting
 + Level 7.0 Polearms
 * Level 4.0 Throwing
 + Level 4.3 Armour
 + Level 2.1 Dodging
 + Level 2.3 Stealth
 + Level 4.1 Shields


You had 8 spell levels left.
You didn't know any spells.
Your spell library contained the following spells:

 Spells                   Type           Power      Damage    Failure   Level
 Apportation              Tloc           0%         N/A       61%         1
 Alistair's Intoxication  Tmut/Pois      0%         N/A       100%        5


Dungeon Overview and Level Annotations

Branches:
Dungeon (6/15)            Ossuary (visited)
 Temple: D:4-7

Altars:
Cheibriados
Ru
Wu Jian

Shops:
D:1 [   D:3 [   D:4 :

Annotations:
D:1 Leather Armor Slayer


Innate Abilities, Weirdness & Mutations

Your serpentine skin is tough. (AC +3)
You have supernaturally acute eyesight. (SInv)
Armour fits poorly on your strangely shaped body.
Your system is resistant to poisons. (rPois)
You cover ground very slowly.
You can spit poison.
You have a snake-like lower body.


Message History

Press: ? - help, Dir - move target, f/p - electric eel
Aim: an electric eel (about 50% to evade your +1 trident)
You reach to attack!
You puncture the electric eel!
The electric eel is heavily wounded.
The electric eel shoots out a bolt of lightning at you!
The bolt of electricity hits you.
The electric eel shoots out a bolt of lightning at you!
The bolt of electricity hits the electric eel.
The electric eel completely resists.
The bolt of electricity hits you.
The electric eel shoots out a bolt of lightning at you!
The bolt of electricity hits you.
Reach: a) +1 trident
Press: ? - help, Dir - move target, f/p - electric eel
Aim: an electric eel (heavily wounded, about 50% to evade your +1 trident)
You reach to attack!
You hit the electric eel.
The electric eel is almost dead.
The electric eel shoots out a bolt of lightning at you!
The bolt of electricity hits you!
* * * LOW HITPOINT WARNING * * *
Reach: a) +1 trident
Press: ? - help, Dir - move target, f/p - electric eel
Aim: an electric eel (almost dead, about 50% to evade your +1 trident)
You reach to attack!
You hit the electric eel but do no damage.
The electric eel is almost dead.
The electric eel shoots out a bolt of lightning at you!
The bolt of electricity hits the electric eel.
The electric eel completely resists.
The bolt of electricity hits you!
* * * LOW HITPOINT WARNING * * *
The electric eel shoots out a bolt of lightning at you!
The bolt of electricity hits you.
* * * LOW HITPOINT WARNING * * *
Okay, then.
You feel better.
The electric eel shoots out a bolt of lightning at you!
The bolt of electricity hits you!
* * * LOW HITPOINT WARNING * * *
The electric eel shoots out a bolt of lightning at you!
The bolt of electricity hits you!
You die...

#.# #....)..S~~~.##### #.#
#.~~~~...........# #.##
#.~≈~~.~~≈~~.##.# #..#
#.~≈≈~.~≈≈≈~.##.# ##.#
#.~≈≈~.~≈≈≈~.##.# #.##
#.~≈≈≈.SS~~~.##.#
#..#########............##.#
##.........#......##.#####.#
#.......#...##@#.#........#
##...(..# #.#.#.######.#
#......# #.##.#.#)#####..# .
##......# #.##.#.#..÷....##
.. #.......#
#.........#########.#
##.......#
#.##......!.........#
#........#
#.######............#
####'##.##
#.##.............##.# #.##.#
#.##.##########..#


You could see 2 electric eels.

Vanquished Creatures
  Grinder (D:5)
  An ice beast (D:5)
  3 ogres
  3 elf zombies (Ossuary)
  2 bullfrogs (D:6)
  A necrophage (D:5)
  A scorpion (D:4)
  A centaur zombie (Ossuary)
  Crazy Yiuf (D:5)
  2 human zombies (Ossuary)
  3 orc priests (D:4)
  3 hounds
  Ijyb (D:5)
  2 iguanas
  Natasha (twice) (D:2)
  2 orc wizards (D:5)
  2 hound zombies (Ossuary)
  4 mummies
  4 gnolls (D:3)
  7 adders
  A white imp (D:6)
  3 adder zombies (Ossuary)
  A worm (D:3)
  2 dart slugs
  9 orcs
  9 endoplasms
  2 giant cockroaches
  6 hobgoblins
  6 jackals
  3 kobolds (D:1)
  3 quokkas
  4 ball pythons
  4 bats
  2 frilled lizards
  A gnoll zombie (Ossuary)
  5 goblins
  2 goblin zombies (Ossuary)
  3 hobgoblin zombies (Ossuary)
  3 jackal zombies (Ossuary)
  6 kobold zombies (Ossuary)
  An orc zombie (Ossuary)
  4 quokka zombies (Ossuary)
  5 rats
  4 rat zombies (Ossuary)
135 creatures vanquished.

Notes
Turn   | Place    | Note
-------+----------+-------------------------------------------
     0 | D:1      | xian the Naga Fighter began the quest for the Orb.
     0 | D:1      | Reached XP level 1. HP: 21/21 MP: 1/1
   122 | D:1      | Reached XP level 2. HP: 28/28 MP: 2/2
   726 | D:1      | Found Ynemosul's Armour Emporium.
  1186 | D:2      | Reached XP level 3. HP: 29/34 MP: 3/3
  1419 | D:2      | Noticed Natasha
  1425 | D:2      | Killed Natasha
  1426 | D:2      | Reached XP level 4. HP: 40/42 MP: 4/4
  1568 | D:2      | Noticed Natasha
  1578 | D:2      | Killed Natasha
  1579 | D:2      | Reached skill level 3 in Polearms
  1904 | D:2      | Found a faded altar of an unknown god.
  2183 | D:3      | Found Pixoff's Armour Shop.
  2195 | D:3      | Bought a +0 pair of gloves of hurling for 126 gold pieces
  2226 | D:3      | Reached XP level 5. HP: 32/49 MP: 2/5
  2383 | D:3      | Identified the +0 ring mail of the Bashing Gods {Stlth+}
  2753 | D:4      | Found a snail-covered altar of Cheibriados.
  2761 | D:4      | Noticed an ogre
  2769 | D:4      | Killed an ogre
  2770 | D:4      | Reached skill level 1 in Throwing
  2770 | D:4      | Reached XP level 6. HP: 29/57 MP: 2/6
  2793 | D:4      | Reached skill level 4 in Polearms
  3273 | D:4      | Found Cut Zadu's Book Shop.
  3286 | D:4      | Reached XP level 7. HP: 26/63 MP: 3/7
  3587 | D:4      | You are sucked into a shaft and drop 2 floors!
  3604 | D:5      | Entered Level 5 of the Dungeon
  3628 | D:5      | Found a sand-covered staircase.
  3632 | Ossuary  | Entered an ossuary
  3747 | Ossuary  | Reached skill level 1 in Dodging
  3844 | Ossuary  | Reached skill level 1 in Stealth
  3995 | Ossuary  | Reached skill level 5 in Polearms
  4222 | Ossuary  | Reached XP level 8. HP: 69/72 MP: 6/8
  4349 | D:5      | Noticed Grinder
  4356 | D:5      | Paralysed by Grinder for 2 turns
  4364 | D:5      | Paralysed by Grinder for 3 turns
  4371 | D:5      | Killed Grinder
  4475 | D:5      | Found a sacrificial altar of Ru.
  4567 | D:5      | Reached skill level 6 in Polearms
  5046 | D:5      | Found an ornate altar of the Wu Jian Council.
  5095 | D:5      | Found a runed translucent door.
  5096 | D:5      | Noticed Crazy Yiuf
  5106 | D:5      | Killed Crazy Yiuf
  5244 | D:5      | Noticed Ijyb
  5262 | D:5      | Killed Ijyb
  5530 | D:6      | Reached XP level 9. HP: 80/80 MP: 7/9
  5707 | D:6      | Reached skill level 5 in Fighting
  5707 | D:6      | Reached skill level 7 in Polearms
  6047 | D:6      | HP: 2/81 [electric eel/bolt of electricity (12)]
  6048 | D:6      | Killed from afar by an electric eel

Illustrated notes

Levels and vault maps discovered:
D:1:      ncdulo_lavacross, layout_basic, serial_shops,
          nicolae_shop_competitors_out_of_business, grunt_decor_junction
D:2:      layout_loops_ring, ebering_ecumenical_altar_box, uniq_natasha
D:3:      layout_rooms, serial_shops, shop
D:4:      layout_basic, slow_altar_1, serial_shops, shop_fountains
D:5:      layout_loops_ring, nzn_wu_jian_council_hall,
          nicolae_ru_great_annihilating_truth, enter_ossuary_5, uniq_ijyb,
          uniq_grinder, uniq_crazy_yiuf_cottage
D:6:      layout_basic, minmay_overflow_temple_hex, temple_doors_cd,
          grunt_ministairs_13, dreamdust_princess_bridge, minivault_14,
          serial_bayou_crossing

Skill      XL: |  1  2  3  4  5  6  7  8  9 |
---------------+----------------------------+-----
Shields        | 3 4 |  4.1
Polearms       | 3 4 5 6 7 |  7.0
Armour         | 3 4 |  4.3
Throwing       | 1 2 3 4 |  4.0
Fighting       | 4 5 |  5.0
Dodging        | 1 2 |  2.1
Stealth        | 1 2 |  2.3

Action                   |  1- 3 |  4- 6 |  7- 9 || total
-------------------------+-------+-------+-------++-------
Melee: Trident           |    61 |    69 |   310 ||   440
Throw: Javelin           |       |    15 |     9 ||    24
       Dart              |       |     1 |    10 ||    11
       Boomerang         |       |     1 |     2 ||     3
 Abil: Spit Poison       |    27 |    18 |    12 ||    57
  Use: Scroll            |       |     3 |     6 ||     9
       Potion            |       |     7 |     1 ||     8
 Stab: Sleeping          |       |       |     2 ||     2
Armor: Scale mail        |    29 |    14 |       ||    43
       Ring mail         |       |    28 |   145 ||   173
Dodge: Dodged            |    25 |    34 |    91 ||   150
Block: Buckler           |    13 |    37 |    79 ||   129
